 Dungeon Crawl Stone Soup version 0.27.1-3-gb3d3a73c9e (webtiles) character file.

Game seed: 4053997940846190838

223 Atelerd the Digger (level 6, -4/36 HPs)
             Began as an Octopode Earth Elementalist on Oct 30, 2021.
             Slain by Purgy (6 damage)
             ... in a sewer.
             The game lasted 00:04:52 (5930 turns).

Atelerd the Digger (Octopode Earth Elementalist)    Turns: 5930, Time: 00:04:53

Health: -4/36      AC:  1    Str:  7    XL:     6   Next: 0%
Magic:  3/11       EV: 13    Int: 19    God:
Gold:   49         SH:  0    Dex: 13    Spells: 7/12 levels left

rFire    . . .     SeeInvis .   f - +0 dagger
rCold    . . .     Faith    .   (no shield)
rNeg     . . .     Spirit   .   (helmet restricted)
rPois    .         Reflect  .   (no amulet)
rElec    .         Harm     .   (no ring)
rCorr    .         Rampage  .   (no ring)
Will     .....                  (no ring)
Stlth    ++++......             (no ring)
HPRegen  0.12/turn              (no ring)
MPRegen  0.12/turn              (no ring)
                                (no ring)
                                (no ring)

@: very slightly contaminated
A: almost no armour, amphibious, 8 rings, camouflage 1, gelatinous body 1,
nimble swimmer 1, tentacles
a: no special abilities


You were in a sewer.
You visited 1 branch of the dungeon, and saw 4 of its levels.
You also visited: Sewer.

You collected 138 gold pieces.
You spent 89 gold pieces at shops.

Inventory:

Hand Weapons
 f - a +0 dagger (weapon)
Missiles
 b - 20 stones
Wands
 n - a wand of acid (8)
Scrolls
 a - a scroll of brand weapon {unknown}
 d - 2 scrolls of enchant armour
 g - 2 scrolls of amnesia {unknown}
 h - a scroll of enchant weapon {unknown}
 k - a scroll of blinking {unknown}
 l - a scroll of fog
 o - a scroll of teleportation {unknown}
Potions
 c - a potion of attraction {unknown}
 i - a potion of haste {unknown}
 m - a potion of cancellation {unknown}


   Skills:
 - Level 2.0 Dodging
 - Level 2.6 Stealth
 + Level 3.5 Spellcasting
 + Level 3.2 Transmutations
 + Level 4.4 Earth Magic


You had 7 spell levels left.
You knew the following spells:

 Your Spells              Type           Power      Damage    Failure   Level
a - Sandblast             Erth           40%        2d10      2%          1
p - Petrify               Tmut/Erth      18%        N/A       28%         4

Your spell library contained the following spells:

 Spells                   Type           Power      Damage    Failure   Level
 Passwall                 Tmut/Erth      15%        N/A       4%          2
 Stone Arrow              Conj/Erth      22%        3d8       17%         3


Dungeon Overview and Level Annotations

Branches:
Dungeon (4/15)              Sewer (1/1)
 Temple: D:4-7

Altars:
Fedhas
Ru

Shops:
D:2 *

Annotations:
Sewer Purgy


Innate Abilities, Weirdness & Mutations

You cannot wear most types of armour.
You are amphibious.
You can wear up to eight rings at the same time.
Your skin changes colour to match your surroundings (Stealth+).
Your rubbery body absorbs attacks. (AC +1, EV +1)
You are camouflaged near water. (Stealth+)
You have tentacles for arms and can constrict up to eight enemies at once.


Message History

Confirm with . or Enter, or press ? or * to list all spells.
The spell is extremely dangerous to cast (28% risk of failure)!
Continue anyway?
Aiming: Petrify (extremely dangerous; 28% risk of failure)
Press: ? - help, Shift-Dir - straight line, f/p - Purgy
Aim: Purgy (chance to affect: 57%) Purgy resists with significant effort.
Purgy barely misses you. Purgy claws you but does no damage. Purgy claws you.
You hit Purgy but do no damage. Purgy barely misses you. Purgy claws you.
Purgy claws you but does no damage.
You barely miss Purgy. Purgy barely misses you. Purgy claws you.
Purgy barely misses you.
You are too depleted to draw on your mana recklessly!
Purgy barely misses you. Purgy closely misses you. Purgy claws you.
Purgy bites you. Purgy claws you but does no damage. x2
Purgy clenches his teeth.
The blast of sand hits Purgy!
Purgy is heavily wounded.
Purgy barely misses you. Purgy claws you. x2
The blast of sand hits Purgy!
Purgy is heavily wounded.
Purgy misses you. Purgy claws you. Purgy claws you but does no damage.
You miscast Sandblast.
You are very lightly contaminated with residual magic.
Nothing appears to happen.
Purgy bites you! Purgy closely misses you. Purgy misses you.
You are too injured to fight recklessly!
You are too injured to fight recklessly!
You are too injured to fight recklessly!
You are too injured to fight recklessly!
You are too injured to fight recklessly!
Purgy bites you!
* * * LOW HITPOINT WARNING * * *
Purgy claws you.
* * * LOW HITPOINT WARNING * * *
Purgy claws you.
* * * LOW HITPOINT WARNING * * *
Okay, then.
Okay, then.
Purgy bites you.
You die...

### #≈# ######)#
######## #...##≈##
###......#
#.∩.#.≈.#
###...≈≈≈≈..
#.∩...≈.#
###.≈.≈.####..
#.....T@###.≈..≈###
###
#####.≈....≈≈≈.## #
#.....≈≈###....≈###
### #.....≈.#
###.≈≈.≈####.≈
#...#.≈.#
###.....≈...
#...##≈##
###......# ##.# #≈#
######## #. #≈# #.
#≈#


You could see Purgy.

Vanquished Creatures
  Natasha (twice) (D:3)
  4 adders
  4 gnolls (D:4)
  A river rat (D:4)
  An ufetubus (D:4)
  2 worms
  2 dart slugs
  2 orcs
  4 endoplasms
  3 giant cockroaches
  4 goblins (D:1)
  4 hobgoblins
  10 jackals
  2 quokkas
  11 ball pythons
  6 bats
  A frilled lizard (D:1)
  6 kobolds
  7 rats
76 creatures vanquished.

Notes
Turn   | Place    | Note
-------+----------+-------------------------------------------
     0 | D:1      | Atelerd the Octopode Earth Elementalist began the quest for
                  | the Orb.
     0 | D:1      | Reached XP level 1. HP: 11/11 MP: 3/3
   237 | D:1      | Found a faded altar of an unknown god.
   239 | D:1      | Reached XP level 2. HP: 6/17 MP: 1/5
  1235 | D:1      | Reached XP level 3. HP: 12/21 MP: 1/6
  2485 | D:2      | Reached XP level 4. HP: 27/27 MP: 8/8
  2861 | D:2      | Found Ruokk's Assorted Antiques.
  2866 | D:2      | Bought a sedimented red potion for 20 gold pieces
  2866 | D:2      | Bought a scroll labelled EDISTI XAFEN for 23 gold pieces
  2866 | D:2      | Bought a scroll labelled MUCEQ HOWNUYMI for 23 gold pieces
  3217 | D:3      | Found a sacrificial altar of Ru.
  3692 | D:3      | Found a blossoming altar of Fedhas.
  4194 | D:3      | Noticed Natasha
  4202 | D:3      | Killed Natasha
  4203 | D:3      | Reached skill level 4 in Earth Magic
  4203 | D:3      | Reached XP level 5. HP: 22/31 MP: 7/9
  4364 | D:3      | Noticed Natasha
  4371 | D:3      | Killed Natasha
  4640 | D:2      | Bought a scroll labelled RAGUADDYGUPP for 23 gold pieces
  5415 | D:4      | Found a glowing drain.
  5431 | Sewer    | Entered a sewer
  5799 | Sewer    | Reached XP level 6. HP: 35/36 MP: 11/11
  5804 | Sewer    | Learned a level 4 spell: Petrify
  5833 | Sewer    | Noticed Purgy
  5927 | Sewer    | HP: 1/36 [Purgy (2)]
  5930 | Sewer    | Slain by Purgy

Illustrated notes

Levels and vault maps discovered:
D:1:      dpeg_arrival_subterranean_lakeside_camping, layout_loops_cross,
          shapermc_ecumenical_altar_mp_highgroup, hangedman_decor_lopped
D:2:      layout_basic, serial_shops, shop
D:3:      layout_loops_corners, nicolae_ru_awakened_eye,
          mainiacjoe_overflow_surrounded_room, kennysheep_generic_room_9,
          uniq_natasha
D:4:      layout_loops_cross, cheibrodos_sewer_entry_sluice, uniq_duvessa
Sewer:    sewer_the_moccasin

Skill      XL: |  1  2  3  4  5 |
---------------+----------------+-----
Transmutations | 2 3 |  3.2
Spellcasting   | 3 |  3.5
Earth Magic    | 4 |  4.4
Dodging        | |  2.0
Stealth        | |  2.6

Action                   |  1- 3 |  4- 6 || total
-------------------------+-------+-------++-------
Melee: Unarmed           |    24 |       ||    24
       Constrict         |    20 |    21 ||    41
       Tentacles         |     8 |    12 ||    20
       Dagger            |    39 |    65 ||   104
 Cast: Sandblast         |    25 |    33 ||    58
       Petrify           |       |     4 ||     4
  Use: Scroll            |       |     4 ||     4
 Stab: Sleeping          |     6 |     4 ||    10
Armor: Skin              |     5 |    13 ||    18
Dodge: Dodged            |    48 |    59 ||   107
